| TOP OF THE 1ST |
|
Stockton Ports batting - Pitching for Bakersfield Bears : RHP Steve Walker
|
|
Pitching: RHP Steve Walker
|
|
|
Batting: RHB Ramon Valdez
|
0-0: Ball 1-0: Called Strike 1-1: Ball 2-1: Ball 3-1: Called Strike 3-2: Strikes out swinging
|
|
Batting: RHB Pasquale Raimondo
|
0-0: Foul Ball, location: 2F 0-1: Swinging Strike 0-2: Foul Ball, location: 2F 0-2: Ball 1-2: Ball 2-2: Ball 3-2: Foul Ball, location: 2F 3-2: Foul Ball, location: 2F 3-2: Strikes out swinging
|
|
Batting: LHB Christopher O'Brien
|
0-0: Ball 1-0: Called Strike 1-1: Foul Ball, location: 2F 1-2: Strikes out swinging
|
| Top of the 1st over - 0 runs, 0 hits, 0 errors, 0 left on base; Stockton 0 - Bakersfield 0 |
| BOTTOM OF THE 1ST |
|
Bakersfield Bears batting - Pitching for Stockton Ports : RHP Jim Dorsey
|
|
Pitching: RHP Jim Dorsey
|
|
|
Batting: LHB Kevin Waller
|
0-0: Ground out 6-3 (Groundball, 6, EV 85.6 MPH)
|
|
Batting: RHB Randy Kutcher
|
0-0: Swinging Strike 0-1: Ball 1-1: SINGLE (Groundball, 25, EV 71.3 MPH) (infield hit)
|
|
Batting: LHB Jim Eppard
|
0-0: Foul Ball, location: 2F 0-1: Fly out, F1 (Popup, P, EV 91.9 MPH)
|
|
Batting: RHB Steve Buechele
|
0-0: Ball 1-0: SINGLE (Line Drive, 89M, EV 93.8 MPH) Randy Kutcher to second Runner from 2nd tries for 3rd, SAFE, throw by RF made to third
|
|
Batting: LHB Danny Hernandez
|
0-0: Ball 1-0: Ball 2-0: Ball 3-0: Base on Balls Steve Buechele to second
|
|
Batting: RHB James Oros
|
0-0: Foul Ball, location: 2F 0-1: Called Strike 0-2: Ball 1-2: Strikes out swinging
|
| Bottom of the 1st over - 0 runs, 2 hits, 0 errors, 3 left on base; Stockton 0 - Bakersfield 0 |
| TOP OF THE 2ND |
|
Stockton Ports batting - Pitching for Bakersfield Bears : RHP Steve Walker
|
|
Batting: SHB Tracy Edwards
|
0-0: Ground out 5-3 (Groundball, 56, EV 91.9 MPH)
|
|
Batting: RHB Johnny Salery
|
0-0: Ball 1-0: Ball 2-0: Ball 3-0: Base on Balls
|
|
Batting: SHB Jose Mercado
|
0-0: Called Strike 0-1: Ball Johnny Salery is caught stealing 2nd base 2-6 1-1: Foul Ball, location: 2F 1-2: Ball 2-2: Foul Ball, location: 2F 2-2: Foul Ball, location: 2F 2-2: Ball 3-2: Ground out 1-3 (Groundball, 34S, EV 66.3 MPH)
|
| Top of the 2nd over - 0 runs, 0 hits, 0 errors, 0 left on base; Stockton 0 - Bakersfield 0 |
| BOTTOM OF THE 2ND |
|
Bakersfield Bears batting - Pitching for Stockton Ports : RHP Jim Dorsey
|
|
Batting: RHB Trey Brooks
|
0-0: Ball 1-0: Called Strike 1-1: Fly out, F7 (Flyball, 7, EV 90.6 MPH)
|
|
Batting: RHB Jeff R Jones
|
0-0: Ball 1-0: Called Strike 1-1: Swinging Strike 1-2: Strikes out swinging
|
|
Batting: RHB Antonio Alicea
|
0-0: SINGLE (Groundball, 6M, EV 99.4 MPH)
|
|
Batting: LHB Kevin Waller
|
0-0: Ball 1-0: Ball 2-0: Foul Ball, location: 2F 2-1: Ball 3-1: Ground out U3 (Groundball, 3L, EV 106.3 MPH)
|
| Bottom of the 2nd over - 0 runs, 1 hit, 0 errors, 1 left on base; Stockton 0 - Bakersfield 0 |
| TOP OF THE 3RD |
|
Stockton Ports batting - Pitching for Bakersfield Bears : RHP Steve Walker
|
|
Batting: RHB Chris Sabo
|
0-0: Ball 1-0: Swinging Strike 1-1: DOUBLE (Flyball, 8RXD, EV 98.8 MPH)
|
|
Batting: RHB Timothy Presko
|
0-0: Hit by Pitch
|
|
Batting: SHB Mike Hennessy
|
0-0: Called Strike 0-1: Swinging Strike 0-2: Foul Ball, location: 2F 0-2: DOUBLE (Flyball, 8RD, EV 86.9 MPH) Chris Sabo scores Timothy Presko to third
|
|
Batting: RHB Ramon Valdez
|
0-0: SINGLE (Groundball, 3D, EV 105.0 MPH) Timothy Presko scores Mike Hennessy to third Runner from 3rd tries for Home, SAFE, throw by RF to home
|
|
Batting: RHB Pasquale Raimondo
|
0-0: Swinging Strike 0-1: Swinging Strike 0-2: Ball 1-2: Foul Ball, location: 2F 1-2: Ball 2-2: Strikes out swinging
|
|
Batting: LHB Christopher O'Brien
|
0-0: Ball Ramon Valdez is caught stealing 2nd base 2-6 1-0: Ball 2-0: Ball 3-0: Base on Balls
|
|
Batting: SHB Tracy Edwards
|
0-0: Called Strike 0-1: Swinging Strike 0-2: Ball 1-2: Strikes out swinging
|
| Top of the 3rd over - 3 runs, 3 hits, 0 errors, 1 left on base; Stockton 3 - Bakersfield 0 |
| BOTTOM OF THE 3RD |
|
Bakersfield Bears batting - Pitching for Stockton Ports : RHP Jim Dorsey
|
|
Batting: RHB Randy Kutcher
|
0-0: Ground out 6-3 (Groundball, 6, EV 108.8 MPH)
|
|
Batting: LHB Jim Eppard
|
0-0: Foul Ball, location: 2F 0-1: Swinging Strike 0-2: Ground out 5-3 (Groundball, 5, EV 87.5 MPH)
|
|
Batting: RHB Steve Buechele
|
0-0: Called Strike 0-1: Ball 1-1: Foul Ball, location: 2F 1-2: Foul Ball, location: 2F 1-2: Foul Ball, location: 2F 1-2: Foul Ball, location: 2F 1-2: SINGLE (Groundball, 56D, EV 102.5 MPH)
|
|
Batting: LHB Danny Hernandez
|
0-0: Called Strike 0-1: Foul Ball, location: 2F 0-2: Ball 1-2: Ball 2-2: Ball 3-2: Fly out, F7 (Flyball, 7S, EV 78.1 MPH)
|
| Bottom of the 3rd over - 0 runs, 1 hit, 0 errors, 1 left on base; Stockton 3 - Bakersfield 0 |
| TOP OF THE 4TH |
|
Stockton Ports batting - Pitching for Bakersfield Bears : RHP Steve Walker
|
|
Batting: RHB Johnny Salery
|
0-0: Foul Ball, location: 2F 0-1: Ball 1-1: Called Strike 1-2: Ball 2-2: Fly out, F9 (Flyball, 9D, EV 89.4 MPH)
|
|
Batting: SHB Jose Mercado
|
0-0: Swinging Strike 0-1: Ball 1-1: Foul Ball, location: 2F 1-2: Foul Ball, location: 2F 1-2: Strikes out looking
|
|
Batting: RHB Chris Sabo
|
0-0: SINGLE (Line Drive, 78M, EV 99.4 MPH)
|
|
Batting: RHB Timothy Presko
|
0-0: Ball 1-0: Foul Ball, location: 2F 1-1: Fly out, F9 (Flyball, 9LM, EV 89.4 MPH)
|
| Top of the 4th over - 0 runs, 1 hit, 0 errors, 1 left on base; Stockton 3 - Bakersfield 0 |
| BOTTOM OF THE 4TH |
|
Bakersfield Bears batting - Pitching for Stockton Ports : RHP Jim Dorsey
|
|
Batting: RHB James Oros
|
0-0: Called Strike 0-1: Ball 1-1: Ground out 6-3 (Groundball, 6M, EV 98.1 MPH)
|
|
Batting: RHB Trey Brooks
|
0-0: Ball 1-0: SINGLE (Line Drive, 7LS, EV 106.3 MPH)
|
|
Batting: RHB Jeff R Jones
|
0-0: Ball 1-0: Ball 2-0: Called Strike 2-1: Swinging Strike 2-2: Ball 3-2: Foul Ball, location: 2F 3-2: Fly out, F7 (Flyball, 7LS, EV 71.9 MPH)
|
|
Batting: RHB Antonio Alicea
|
0-0: Ball 1-0: Fly out, F9 (Line Drive, 9, EV 99.4 MPH)
|
| Bottom of the 4th over - 0 runs, 1 hit, 0 errors, 1 left on base; Stockton 3 - Bakersfield 0 |
| TOP OF THE 5TH |
|
Stockton Ports batting - Pitching for Bakersfield Bears : RHP Steve Walker
|
|
Batting: SHB Mike Hennessy
|
0-0: Called Strike 0-1: Ball 1-1: Ball 2-1: Ball 3-1: Fly out, F9 (Flyball, 9S, EV 87.5 MPH)
|
|
Batting: RHB Ramon Valdez
|
0-0: Ground out 6-3 (Groundball, 6, EV 87.5 MPH)
|
|
Batting: RHB Pasquale Raimondo
|
0-0: Called Strike 0-1: Ball 1-1: SINGLE (Groundball, 6MD, EV 97.5 MPH)
|
|
Batting: LHB Christopher O'Brien
|
0-0: Called Strike Pasquale Raimondo is caught stealing 2nd base 2-6
|
| Top of the 5th over - 0 runs, 1 hit, 0 errors, 0 left on base; Stockton 3 - Bakersfield 0 |
| BOTTOM OF THE 5TH |
|
Bakersfield Bears batting - Pitching for Stockton Ports : RHP Jim Dorsey
|
|
Batting: LHB Kevin Waller
|
0-0: Fly out, F9 (Flyball, 89S, EV 81.9 MPH)
|
|
Batting: RHB Randy Kutcher
|
0-0: Called Strike 0-1: Fly out, F9 (Flyball, 9LS, EV 94.4 MPH)
|
|
Batting: LHB Jim Eppard
|
0-0: Foul Ball, location: 2F 0-1: Ball 1-1: Fly out, F5 (Popup, 5S, EV 83.8 MPH)
|
| Bottom of the 5th over - 0 runs, 0 hits, 0 errors, 0 left on base; Stockton 3 - Bakersfield 0 |
| TOP OF THE 6TH |
|
Stockton Ports batting - Pitching for Bakersfield Bears : RHP Steve Walker
|
|
Batting: LHB Christopher O'Brien
|
0-0: Swinging Strike 0-1: Foul Ball, location: 2F 0-2: Foul Ball, location: 2F 0-2: Ball 1-2: Foul Ball, location: 2F 1-2: TRIPLE (Flyball, 89XD, EV 98.8 MPH)
|
|
Batting: SHB Tracy Edwards
|
0-0: Called Strike 0-1: Called Strike 0-2: Ball 1-2: Strikes out looking
|
|
Batting: RHB Johnny Salery
|
0-0: Ball 1-0: Foul Ball, location: 2F 1-1: Swinging Strike 1-2: SINGLE (Groundball, 34, EV 108.1 MPH) Christopher O'Brien scores
|
|
Batting: SHB Jose Mercado
|
0-0: Ball 1-0: SINGLE (Line Drive, 6D, EV 99.4 MPH) Johnny Salery to second
|
|
Batting: RHB Chris Sabo
|
0-0: Ball Johnny Salery is caught stealing 3rd base 2-5 1-0: Ball 2-0: Swinging Strike 2-1: Ball 3-1: Foul Ball, location: 2F 3-2: Fly out, F7 (Flyball, 7LS, EV 86.9 MPH)
|
| Top of the 6th over - 1 run, 3 hits, 0 errors, 1 left on base; Stockton 4 - Bakersfield 0 |
| BOTTOM OF THE 6TH |
|
Bakersfield Bears batting - Pitching for Stockton Ports : RHP Jim Dorsey
|
|
Batting: RHB Steve Buechele
|
0-0: Ground out 4-3 (Groundball, 4M, EV 93.8 MPH)
|
|
Batting: LHB Danny Hernandez
|
0-0: Ball 1-0: Foul Ball, location: 2F 1-1: Ball 2-1: Fly out, F8 (Flyball, 78D, EV 108.8 MPH)
|
|
Batting: RHB James Oros
|
0-0: Ball 1-0: Foul Ball, location: 2F 1-1: Ball 2-1: Ball 3-1: Base on Balls
|
|
Batting: RHB Trey Brooks
|
0-0: Ball 1-0: Fly out, F8 (Line Drive, 8RD, EV 94.4 MPH)
|
| Bottom of the 6th over - 0 runs, 0 hits, 0 errors, 1 left on base; Stockton 4 - Bakersfield 0 |
| TOP OF THE 7TH |
|
Stockton Ports batting - Pitching for Bakersfield Bears : RHP Steve Walker
|
|
Batting: RHB Timothy Presko
|
0-0: Called Strike 0-1: Ball 1-1: Called Strike 1-2: Foul Ball, location: 2F 1-2: SINGLE (Line Drive, 34D, EV 98.1 MPH)
|
|
Batting: SHB Mike Hennessy
|
0-0: Called Strike 0-1: Called Strike 0-2: Ball 1-2: Ball 2-2: Ball 3-2: Base on Balls Timothy Presko to second
|
|
Batting: RHB Ramon Valdez
|
0-0: Sac Bunt to 13 - play at first, batter OUT! 1-3 Timothy Presko to third Mike Hennessy to second
|
|
Batting: RHB Pasquale Raimondo
|
0-0: Called Strike 0-1: Called Strike 0-2: Foul Ball, location: 2F 0-2: Ball 1-2: Ball 2-2: Ball 3-2: DOUBLE (Line Drive, 7LM, EV 94.4 MPH) Timothy Presko scores Mike Hennessy scores
|
|
Pitching: LHP Richard Cope
|
|
|
Batting: LHB Christopher O'Brien
|
0-0: Ball 1-0: Ball 2-0: Foul Ball, location: 2F 2-1: Foul Ball, location: 2F 2-2: Ground out 4-3 (Groundball, 4M, EV 105.0 MPH) Pasquale Raimondo to third
|
|
Batting: SHB Tracy Edwards
|
0-0: Ball 1-0: Foul Ball, location: 2F 1-1: Ball 2-1: Foul Ball, location: 2F 2-2: Foul Ball, location: 2F 2-2: SINGLE (Groundball, 4D, EV 95.6 MPH) Pasquale Raimondo scores
|
|
Batting: RHB Johnny Salery
|
0-0: Ball 1-0: Called Strike 1-1: Foul Ball, location: 2F 1-2: Foul Ball, location: 2F 1-2: Ball 2-2: Foul Ball, location: 2F 2-2: SINGLE (Line Drive, 89M, EV 111.3 MPH) Tracy Edwards to second
|
|
Batting: SHB Jose Mercado
|
0-0: Called Strike 0-1: Ball 1-1: Foul Ball, location: 2F 1-2: Ball 2-2: Foul Ball, location: 2F 2-2: Ball 3-2: Foul Ball, location: 2F 3-2: Foul Ball, location: 2F 3-2: Ground out 6-3 (Groundball, 6MD, EV 79.4 MPH)
|
| Top of the 7th over - 3 runs, 4 hits, 0 errors, 2 left on base; Stockton 7 - Bakersfield 0 |
| BOTTOM OF THE 7TH |
|
Bakersfield Bears batting - Pitching for Stockton Ports : RHP Jim Dorsey
|
|
Batting: RHB Jeff R Jones
|
0-0: Ball 1-0: Foul Ball, location: 2F 1-1: Fly out, F8 (Line Drive, 8RM, EV 110.0 MPH)
|
|
Batting: RHB Antonio Alicea
|
0-0: Called Strike 0-1: Foul Ball, location: 2F 0-2: Ground out 1-3 (Groundball, P, EV 66.3 MPH)
|
|
Batting: LHB Kevin Waller
|
0-0: Ball 1-0: Ball 2-0: Called Strike 2-1: Called Strike 2-2: Ball 3-2: Base on Balls
|
|
Batting: RHB Randy Kutcher
|
0-0: Ball 1-0: Called Strike 1-1: Ball 2-1: Ball 3-1: Foul Ball, location: 2F 3-2: Strikes out swinging
|
| Bottom of the 7th over - 0 runs, 0 hits, 0 errors, 1 left on base; Stockton 7 - Bakersfield 0 |
| TOP OF THE 8TH |
|
Stockton Ports batting - Pitching for Bakersfield Bears : LHP Richard Cope
|
|
Pinch Hitting: RHB Steven Roeder
|
0-0: Ball 1-0: Called Strike 1-1: Ground out 6-3 (Groundball, 6D, EV 83.1 MPH)
|
|
Batting: RHB Timothy Presko
|
0-0: Ball 1-0: Foul Ball, location: 2F 1-1: SINGLE (Groundball, 34D, EV 93.8 MPH)
|
|
Batting: SHB Mike Hennessy
|
0-0: Ball 1-0: Called Strike 1-1: Foul Ball, location: 2F 1-2: Ball 2-2: SINGLE (Line Drive, 78S, EV 107.5 MPH) Timothy Presko to second
|
|
Batting: RHB Ramon Valdez
|
0-0: Ball 1-0: Ball 2-0: Ball 3-0: Called Strike 3-1: Called Strike 3-2: DOUBLE (Line Drive, 7LM, EV 105.0 MPH) Timothy Presko scores Mike Hennessy to third
|
|
Batting: RHB Pasquale Raimondo
|
0-0: Ball 1-0: Ball 2-0: Ball 3-0: Called Strike 3-1: Ground out U3 (Groundball, 34S, EV 88.1 MPH) Mike Hennessy scores Ramon Valdez to third
|
|
Batting: LHB Christopher O'Brien
|
0-0: Ball 1-0: Ball 2-0: Ball 3-0: Called Strike 3-1: Base on Balls
|
|
Batting: SHB Tracy Edwards
|
0-0: Ball 1-0: Fly out, F7 (Flyball, 7, EV 72.5 MPH)
|
| Top of the 8th over - 2 runs, 3 hits, 0 errors, 2 left on base; Stockton 9 - Bakersfield 0 |
| BOTTOM OF THE 8TH |
|
Bakersfield Bears batting - Pitching for Stockton Ports : RHP Jim Dorsey
|
|
Now at 3B: Steven Roeder
|
|
|
Batting: LHB Jim Eppard
|
0-0: Called Strike 0-1: Ground out 6-3 (Groundball, 6, EV 85.0 MPH)
|
|
Batting: RHB Steve Buechele
|
0-0: Ball 1-0: Ball 2-0: Ball 3-0: Base on Balls
|
|
Batting: LHB Danny Hernandez
|
0-0: Ball 1-0: Called Strike 1-1: SINGLE (Line Drive, 89S, EV 89.4 MPH) Steve Buechele to second
|
|
Batting: RHB James Oros
|
0-0: Ball 1-0: Ball 2-0: Called Strike 2-1: Foul Ball, location: 2F 2-2: Ball 3-2: Base on Balls Steve Buechele to third Danny Hernandez to second
|
|
Batting: RHB Trey Brooks
|
0-0: Called Strike 0-1: Swinging Strike 0-2: Ball 1-2: Fly out, F7 (Flyball, 7, EV 78.8 MPH) Runner from 3rd tags up, SCORES, throw by LF Danny Hernandez to third
|
|
Batting: RHB Jeff R Jones
|
0-0: Called Strike 0-1: Called Strike 0-2: Fly out, F6 (Flyball, 6MD, EV 95.6 MPH)
|
| Bottom of the 8th over - 1 run, 1 hit, 0 errors, 2 left on base; Stockton 9 - Bakersfield 1 |
| TOP OF THE 9TH |
|
Stockton Ports batting - Pitching for Bakersfield Bears : LHP Richard Cope
|
|
Pitching: RHP Gary Ezell
|
|
|
Batting: RHB Johnny Salery
|
0-0: Called Strike 0-1: Ball 1-1: Ball 2-1: Fly out, F9 (Flyball, 9LS, EV 95.0 MPH)
|
|
Batting: SHB Jose Mercado
|
0-0: Called Strike 0-1: Ball 1-1: Ground out U3 (Groundball, 3, EV 82.5 MPH)
|
|
Batting: RHB Steven Roeder
|
0-0: Ball 1-0: Ball 2-0: Ball 3-0: Foul Ball, location: 2F 3-1: Base on Balls
|
|
Batting: RHB Timothy Presko
|
0-0: Called Strike 0-1: Swinging Strike 0-2: Strikes out swinging
|
| Top of the 9th over - 0 runs, 0 hits, 0 errors, 1 left on base; Stockton 9 - Bakersfield 1 |
| BOTTOM OF THE 9TH |
|
Bakersfield Bears batting - Pitching for Stockton Ports : RHP Jim Dorsey
|
|
Batting: RHB Antonio Alicea
|
0-0: TRIPLE (Flyball, 9LD, EV 103.1 MPH)
|
|
Batting: LHB Kevin Waller
|
0-0: Called Strike 0-1: Ball 1-1: Ball 2-1: Ball 3-1: Called Strike 3-2: Base on Balls
|
|
Batting: RHB Randy Kutcher
|
0-0: Grounds into double play, 4-6-3 (Groundball, 4, EV 104.4 MPH) Antonio Alicea scores
|
|
Batting: LHB Jim Eppard
|
0-0: Ground out 4-3 (Groundball, 4, EV 83.1 MPH)
|
| Bottom of the 9th over - 1 run, 1 hit, 0 errors, 0 left on base; Stockton 9 - Bakersfield 2 |
|